 Dungeon Crawl Stone Soup version 0.22-a0-392-g5dc3fd9 (webtiles) character file.

2153 Gruesome the Insei (level 9, -13/62 HPs)
             Began as a Demonspawn Monk on Apr 29, 2018.
             Was an Elder of Ru.
             Mangled by a two-headed ogre
             ... wielding a cursed -3 giant club
              (14 damage)
             ... on level 8 of the Dungeon on May 1, 2018.
             The game lasted 00:26:59 (8111 turns).

Gruesome the Insei (Demonspawn Monk)                Turns: 8111, Time: 00:26:59

Health: -13/62     AC: 13    Str: 13    XL:     9   Next: 10%
Magic:  9/9        EV:  5    Int: 12    God:    Ru [****..]
Gold:   303        SH:  6    Dex: 19    Spells: 8/8 levels left

rFire    . . .     SeeInvis +     - Unarmed
rCold    . . .     Gourm    .   (no shield)
rNeg     . . .     Faith    .   v - +0 plate armour
rPois    .         Spirit   .   (helmet restricted)
rElec    +         Reflect  .   (no cloak)
rCorr    .         Harm     .   (no gloves)
MR       .....                  (no boots)
Stlth    ..........             (no amulet)
HPRegen  0.20/turn              g - ring of stealth
MPRegen  0.11/turn              k - ring of see invisible

@: no potions, no scrolls
A: horns 2, large bone plates 2, demonic guardian 1, electricity resistance,
strong 1, inability to drink while threatened, inability to read while
threatened, unskilled 1
a: Draw Out Power, Power Leap, Renounce Religion


You were on level 8 of the Dungeon.
You worshipped Ru.
Ru was greatly pleased with you.
You were not hungry.

You visited 2 branches of the dungeon, and saw 9 of its levels.

You collected 303 gold pieces.

Inventory:

Hand Weapons
 a - a -2 blowgun
Missiles
 q - 4 javelins (quivered)
 z - 27 poisoned needles
Armour
 d - a +1 ring mail
 v - a +0 plate armour (worn)
Jewellery
 g - a ring of stealth (left hand)
 k - a ring of see invisible (right hand)
 m - an uncursed ring of protection from cold
Scrolls
 c - a scroll of immolation
 f - a scroll of enchant armour
 i - 4 scrolls of teleportation
 o - a scroll of fog
 r - 3 scrolls of remove curse
 u - 5 scrolls of amnesia
 x - a scroll of fear
 y - 2 scrolls of magic mapping
Potions
 e - 2 potions of might
 h - a potion of agility
 j - a potion of haste
 l - a potion of cancellation
 n - 2 potions of curing
 s - a potion of lignification
 t - a potion of brilliance {unknown}
 w - a potion of flight {unknown}
Comestibles
 b - 18 rations


   Skills:
 - Level 2.6 Fighting
 * Level 7.3 Armour
 - Level 2.4 Dodging
 - Level 1.5 Stealth
 - Level 7.3 Unarmed Combat


You had 8 spell levels left.
You didn't know any spells.

Dungeon Overview and Level Annotations

Branches:
Dungeon (8/15)             Temple (1/1) D:4
   Lair: D:8-11

Altars:
Ashenzari
Cheibriados
Dithmenos
Elyvilon
Gozag
Hepliaklqana
Kikubaaqudgha
Nemelex Xobeh
Okawaru
Qazlal
Ru
Sif Muna
Trog
Uskayaw
Vehumet
Xom
Yredelemnul
Zin
The Shining One

Shops:
D:4 }   D:7 *

Annotations:
D:6 Dargar's ghost, novice DsGl


Innate Abilities, Weirdness & Mutations

You have a pair of horns on your head.
You are mostly covered in large bone plates. (SH +6)
A weak demonic guardian rushes to your aid.
You cannot drink potions while threatened.
You cannot read scrolls while threatened.
You are somewhat unskilled. (-1 Apt)
You are resistant to electric shocks. (rElec)
Your muscles are strong. (Str +2)


Message History

Aim: a two-headed ogre, wielding two giant clubs (severely wounded)
You throw a javelin.
The javelin barely misses the two-headed ogre.
Throwing (i - inventory)
q - 5 javelins (quivered)
Press: ? - help, Shift-Dir - straight line, f/p - two-headed ogre
Aim: a two-headed ogre, wielding two giant clubs (severely wounded)
You throw a javelin. The javelin hits the two-headed ogre.
The two-headed ogre is severely wounded.
You can read scrolls again.
The two-headed ogre barely misses you.
The two-headed ogre hits you with a giant club!
You feel threatened and lose the ability to read scrolls!
* * * LOW HITPOINT WARNING * * *
You closely miss the two-headed ogre.
The two-headed ogre is severely wounded.
You hit the two-headed ogre but do no damage.
You headbutt the two-headed ogre.
The two-headed ogre is severely wounded.
The two-headed ogre hits you with a giant club!
You die...

#(.........#
#..........#
##########.#
#.# #.# #.#
#.# #.# #@#
#O# #(# #.#
#(# #(#
#.###########
#(..?.O......
#############


You could see a two-headed ogre.

Vanquished Creatures
  The ghost of VDreamerV the Changer, an amateur OpTm (D:4)
  A shadow (D:7)
  2 orc warriors
  3 sky beasts
  3 ogres
  A bullfrog (D:8)
  A scorpion (D:4)
  A crimson imp (D:7)
  A bullfrog zombie (D:6)
  2 orc priests
  5 hounds
  An orc wizard (D:7)
  2 centaur skeletons (D:4)
  An iguana (D:8)
  5 worker ants
  5 adders
  5 gnolls
  A shadow imp (D:6)
  An ooze (D:4)
  An adder zombie (D:6)
  4 worms
  6 dart slugs
  5 leopard geckos
  21 orcs
  2 ball pythons
  4 bats
  8 giant cockroaches
  10 goblins
  12 hobgoblins
  10 jackals
  2 quokkas
  6 frilled lizards
  12 kobolds
  A leopard gecko skeleton (D:5)
  A leopard gecko zombie (D:5)
  5 rats
152 creatures vanquished.

Vanquished Creatures (collateral kills)
  Prince Ribbit (D:6)
  A sky beast (D:8)
  A big kobold (D:6)
  Blork the orc (D:7)
  A scorpion (D:5)
  An orc priest (D:4)
  An orc (D:4)
  A jackal (D:8)
8 creatures vanquished.

Vanquished Creatures (others)
  A jackal (D:8)
1 creature vanquished.

Grand Total: 161 creatures vanquished

Notes
Turn   | Place    | Note
-------+----------+-------------------------------------------
     0 | D:1      | Gruesome the Demonspawn Monk began the quest for the Orb.
     0 | D:1      | Reached XP level 1. HP: 18/18 MP: 1/1
    39 | D:1      | Gained mutation: You have a pair of small horns on your head. [demonic ancestry]
    39 | D:1      | Reached XP level 2. HP: 21/24 MP: 2/2
   518 | D:1      | Upgraded the game from 0.22-a0-388-g09e6169 to 0.22-a0-392-g5dc3fd9
   530 | D:1      | Gained mutation: A weak demonic guardian rushes to your aid. [demonic ancestry]
   530 | D:1      | Reached XP level 3. HP: 26/29 MP: 3/3
  1681 | D:2      | Gained mutation: You have a pair of horns on your head. [demonic ancestry]
  1681 | D:2      | Reached XP level 4. HP: 35/35 MP: 4/4
  1984 | D:3      | Noticed a sky beast
  1999 | D:3      | Killed a sky beast
  1999 | D:3      | Reached skill level 5 in Unarmed Combat
  1999 | D:3      | Reached XP level 5. HP: 29/41 MP: 5/5
  2005 | D:3      | Gained mutation: You tend to lose your temper in combat. [potion of mutation]
  2005 | D:3      | Gained mutation: You are resistant to electric shocks. (rElec) [potion of mutation]
  2005 | D:3      | Gained mutation: Your body sometimes deteriorates upon taking damage. [potion of mutation]
  2005 | D:3      | Gained mutation: You can translocate small distances at will. [potion of mutation]
  2006 | D:3      | Lost mutation: You can translocate small distances at will. [potion of mutation]
  2006 | D:3      | Lost mutation: You tend to lose your temper in combat. [potion of mutation]
  2006 | D:3      | Lost mutation: Your body sometimes deteriorates upon taking damage. [potion of mutation]
  2006 | D:3      | Gained mutation: Your muscles are strong. (Str +2) [potion of mutation]
  2418 | D:3      | Reached XP level 6. HP: 40/47 MP: 6/6
  3070 | D:4      | Found Kys Vuud's Gadget Shop.
  3248 | D:4      | Noticed VDreamerV's ghost (amateur OpTm)
  3280 | D:4      | Killed VDreamerV's ghost
  3639 | D:4      | Reached XP level 7. HP: 52/52 MP: 7/7
  3842 | D:4      | Found a staircase to the Ecumenical Temple.
  3851 | Temple   | Entered the Ecumenical Temple
  3887 | Temple   | Became a worshipper of Ru the Awakened
  3899 | Temple   | Gained mutation: You cannot drink potions while threatened. [Ru sacrifice]
  3899 | Temple   | Reached * piety under Ru
  4449 | D:5      | Entered Level 5 of the Dungeon
  4705 | D:5      | Reached skill level 1 in Armour
  5598 | D:6      | Gained mutation: You are partially covered in large bone plates. (SH +4) [demonic ancestry]
  5598 | D:6      | Reached XP level 8. HP: 58/58 MP: 8/8
  5617 | D:6      | Gained mutation: You are somewhat unskilled. (-1 Apt) [Ru sacrifice]
  5617 | D:6      | Reached ** piety under Ru
  5684 | D:6      | Noticed Prince Ribbit
  5699 | D:6      | Killed Prince Ribbit
  6137 | D:6      | Noticed Dargar's ghost (novice DsGl)
  6423 | D:7      | Noticed Blork the orc
  6493 | D:7      | Reached skill level 5 in Armour
  6686 | D:7      | Found Nishrieki's General Store.
  6966 | D:7      | Found a deep blue altar of Sif Muna.
  6966 | D:7      | Killed Blork the orc
  7321 | D:8      | Gained mutation: You cannot read scrolls while threatened. [Ru sacrifice]
  7321 | D:8      | Reached *** piety under Ru
  7321 | D:8      | Reached **** piety under Ru
  7337 | D:8      | Noticed a two-headed ogre
  7703 | D:7      | Gained mutation: You are mostly covered in large bone plates. (SH +6) [demonic ancestry]
  7703 | D:7      | Reached XP level 9. HP: 31/62 MP: 9/9
  8086 | D:8      | Noticed a two-headed ogre
  8109 | D:8      | HP: 1/62 [two-headed ogre/giant club (9)]
  8111 | D:8      | Mangled by a two-headed ogre

Vault maps used:
D:1:      ncdulo_smallfort, minmay_misc_feat_secret_circle
D:2:      corexii_corridor_pit
D:3:      first_ration
D:4:      minmay_temple_entry_overgrown, serial_shops,
          nicolae_shop_competitors_out_of_business
D:6:      uniq_prince_ribbit1
D:7:      tgw_sif, serial_shops, shop_statue
D:8:      lightli_minifort
Temple:   dpeg_five_rooms_temple

Skill      XL: |  1  2  3  4  5  6  7  8 |
---------------+-------------------------+-----
Unarmed Combat | 3 4 5 6 7 8 7 |  7.3
Armour         | 3 7 |  7.3
Fighting       | 2 |  2.6
Dodging        | |  2.4
Stealth        | |  1.5

Action                   |  1- 3 |  4- 6 |  7- 9 || total
-------------------------+-------+-------+-------++-------
Melee: Unarmed           |   128 |   127 |   324 ||   579
       Headbutt          |    22 |    24 |    67 ||   113
       Punch             |     2 |     3 |     5 ||    10
 Fire: Blowgun           |       |       |    13 ||    13
Throw: Javelin           |       |       |    10 ||    10
Invok: Sacrifice Drink   |       |       |     1 ||     1
       Draw Out Power    |       |       |     1 ||     1
       Sacrifice Words   |       |       |     1 ||     1
       Sacrifice Skill   |       |       |     1 ||     1
  Use: Scroll            |     8 |     5 |     6 ||    19
       Potion            |       |     3 |     1 ||     4
 Stab: Sleeping          |     5 |     8 |     4 ||    17
       Distracted        |       |       |     3 ||     3
       Paralysed         |       |       |     4 ||     4
       Invisible         |       |       |     1 ||     1
  Eat: Chunk             |     2 |     6 |    15 ||    23
Armor: Robe              |     1 |       |       ||     1
       Ring mail         |    35 |    22 |     3 ||    60
       Plate armour      |       |       |   130 ||   130
Dodge: Dodged            |    70 |    51 |    59 ||   180
Block: Other             |       |       |    21 ||    21

Table legend:
 A = Spawn XP
 B = Non-spawn XP
 C = Spawn XP percentage of total XP
 D = Spawn monster count
 E = Non-spawn monster count
 F = Spawn count percentage of total count
 G = Total turns spent on level
                    A         B        C        D         E        F      G
               +---------+---------+-------+---------+---------+-------+---------
         Total |       0 |    3077 |   0.0 |       0 |     161 |   0.0 |  8111
               +---------+---------+-------+---------+---------+-------+---------
           D:1 |       0 |      47 |   0.0 |       0 |      22 |   0.0 |   935
           D:2 |       0 |      62 |   0.0 |       0 |      22 |   0.0 |  1007
           D:3 |       0 |     285 |   0.0 |       0 |      31 |   0.0 |  1122
           D:4 |       0 |     513 |   0.0 |       0 |      17 |   0.0 |  1146
           D:5 |       0 |     514 |   0.0 |       0 |      35 |   0.0 |  1099
           D:6 |       0 |     486 |   0.0 |       0 |      14 |   0.0 |   613
           D:7 |       0 |     562 |   0.0 |       0 |       7 |   0.0 |  1562
           D:8 |       0 |     608 |   0.0 |       0 |      13 |   0.0 |   388
               +---------+---------+-------+---------+---------+-------+---------
